[Event "8. Arber-Schachopen 2019"]
[Site "Bodenmais"]
[Date "2019.08.01"]
[Round "6.5"]
[White "Beck, Gerald"]
[Black "Bogdanov, Egor"]
[Result "0-1"]
[ECO "A15"]
[WhiteElo "2176"]
[BlackElo "2407"]
[Annotator "NA"]
[PlyCount "64"]
[EventDate "2019.07.27"]
[EventCountry "GER"]
[SourceTitle "playchess.com"]
[Source "ChessBase"]
[SourceQuality "1"]
[TimeControl "40/5400+30:1800+30"]

1. c4 Nf6 2. g3 g6 3. Bg2 Bg7 4. Nc3 O-O 5. e4 d6 6. Nge2 c6 7. O-O a6 8. d3 b5 9. Bd2 Nfd7 10. Qc2 Nb6 11. Nd1 N8d7 12. Ba5 Bb7 13. Ne3 c5 14. Nd5 e6 15. Nxb6 Nxb6 16. Nc3 Bc6 17. Qb3 Qb8 18. a3 Nd7 19. Rfd1 Ne5 20. f4 Ng4 21. Rd2 Bd4+ 22. Kf1 Ne3+ 23. Ke1 bxc4 24. Qa2 cxd3 25. b3 Nc2+ 26. Rxc2 dxc2 27. Qxc2 Qb7 28. Rd1 Rab8 29. Ne2 Qxb3 30. Nxd4 cxd4 31. Qxc6 Qe3+ 32. Kf1 Rb2 0-1

[Event "8. Arber-Schachopen 2019"]
[Site "Bodenmais"]
[Date "2019.08.01"]
[Round "6.6"]
[White "Schleining, Zoya"]
[Black "Bensch, Patrick"]
[Result "1/2-1/2"]
[ECO "A05"]
[WhiteElo "2339"]
[BlackElo "2197"]
[Annotator "NA"]
[PlyCount "152"]
[EventDate "2019.07.27"]
[EventCountry "GER"]
[SourceTitle "playchess.com"]
[Source "ChessBase"]
[SourceQuality "1"]
[TimeControl "40/5400+30:1800+30"]

1. Nf3 Nf6 2. g3 g6 3. b3 Bg7 4. Bb2 O-O 5. Bg2 d5 6. c4 c6 7. O-O a5 8. Nc3 Ne4 9. d4 Bf5 10. Nh4 Nxc3 11. Bxc3 Be6 12. c5 Nd7 13. Rc1 Nf6 14. Ba1 Bh6 15. e3 Qc8 16. Nf3 Bg4 17. Qe1 Bh3 18. Ne5 Ne4 19. f3 Ng5 20. Bxh3 Qxh3 21. Qe2 Bg7 22. Nd3 h5 23. a4 Ne6 24. Bc3 Bh6 25. Rc2 Ng7 26. Re1 Qe6 27. Nf4 Bxf4 28. gxf4 Qf5 29. Kh1 Ne6 30. Rg1 Kh7 31. Be1 Rg8 32. Bh4 f6 33. Bg3 Qh3 34. Qf1 Qxf1 35. Rxf1 Kg7 36. Rb1 Rgd8 37. Rcb2 Rd7 38. h4 Kf7 39. Kg2 Ng7 40. Bf2 Nf5 41. Kf1 Ra7 42. Ke2 e6 43. Kd3 Ra8 44. Be1 Re8 45. b4 e5 46. fxe5 fxe5 47. bxa5 exd4 48. e4 dxe4+ 49. fxe4 Ng7 50. Rxb7 Red8 51. a6 Ne6 52. Kc4 Kf6 53. a7 Rxb7 54. Rxb7 Ra8 55. Ba5 Ke5 56. Bb6 Kxe4 57. Rb8 d3 58. Kc3 Ke3 59. Rb7 Nf4 60. Re7+ Kf3 61. Kd2 g5 62. hxg5 h4 63. Rh7 Kg4 64. g6 Nxg6 65. Rg7 Kf5 66. Kxd3 h3 67. Rh7 Kg4 68. Ke2 Nf4+ 69. Kf2 Nd5 70. Kg1 Re8 71. Ba5 Nf4 72. Bc7 Nd5 73. Bb8 Nf4 74. a8=Q Re1+ 75. Kh2 Re2+ 76. Kg1 Re1+ 1/2-1/2

[Event "8. Arber-Schachopen 2019"]
[Site "Bodenmais"]
[Date "2019.08.01"]
[Round "6.7"]
[White "Hopman, Pieter"]
[Black "Schelle, Artur"]
[Result "1-0"]
[ECO "E73"]
[WhiteElo "2347"]
[BlackElo "2176"]
[Annotator "NA"]
[PlyCount "115"]
[EventDate "2019.07.27"]
[EventCountry "GER"]
[SourceTitle "playchess.com"]
[Source "ChessBase"]
[SourceQuality "1"]
[TimeControl "40/5400+30:1800+30"]

1. e4 g6 2. d4 Bg7 3. c4 d6 4. Nc3 Nf6 5. Be2 O-O 6. Be3 Na6 7. Nf3 e5 8. d5 Ng4 9. Bg5 f6 10. Bh4 h5 11. Nd2 Nh6 12. f3 Nf7 13. Nb3 Bh6 14. Bd3 Nc5 15. Bc2 Kg7 16. Na5 c6 17. b4 Bd7 18. a3 Be3 19. Ra2 g5 20. Bg3 h4 21. Ke2 Bd4 22. Be1 cxd5 23. exd5 Nh6 24. Kf1 b6 25. bxc5 bxa5 26. c6 Nf5 27. Bd2 Bxc3 28. Bxf5 Bxf5 29. Bxc3 Rb8 30. Ke2 Qb6 31. Qa4 Qc5 32. Bd2 Qd4 33. Be3 Bd3+ 34. Kd2 Qxc4 35. Qxc4 Bxc4 36. Rc2 Bxd5 37. c7 Ra8 38. Bxa7 Kf7 39. Bb8 Rc8 40. Ke3 Ra6 41. Rb1 a4 42. g3 Bb3 43. Rc3 d5 44. Rc5 hxg3 45. hxg3 Ke6 46. Rh1 d4+ 47. Kf2 Rd6 48. Ke2 Kf5 49. Rhc1 d3+ 50. Kd2 Bc2 51. Rc4 Ke6 52. Rh1 Kd5 53. Rb4 Ke6 54. Rh7 Rc6 55. Rb7 Rd6 56. Ba7 Rc6 57. Bb6 Bb1 58. Rb8 1-0

[Event "8. Arber-Schachopen 2019"]
[Site "Bodenmais"]
[Date "2019.08.01"]
[Round "6.8"]
[White "Kottmair, Toni"]
[Black "Hausner, Ivan"]
[Result "0-1"]
[ECO "B68"]
[WhiteElo "2086"]
[BlackElo "2370"]
[Annotator "NA"]
[PlyCount "88"]
[EventDate "2019.07.27"]
[EventCountry "GER"]
[SourceTitle "playchess.com"]
[Source "ChessBase"]
[SourceQuality "1"]
[TimeControl "40/5400+30:1800+30"]

1. e4 c5 2. Nf3 d6 3. d4 cxd4 4. Nxd4 Nf6 5. Nc3 Nc6 6. Bg5 e6 7. Qd2 a6 8. O-O-O Bd7 9. f4 Be7 10. Nxc6 Bxc6 11. Qe1 Qa5 12. Kb1 h6 13. Bxf6 Bxf6 14. Nd5 Qxe1 15. Nxf6+ gxf6 16. Rxe1 h5 17. Bd3 Ke7 18. Re2 Rag8 19. Rf1 h4 20. a3 Rg4 21. c4 Rhg8 22. Rff2 e5 23. f5 b5 24. cxb5 axb5 25. b4 Kd7 26. Kc1 Kc7 27. Rc2 Kb6 28. Rfe2 Rf4 29. Rc3 Rf1+ 30. Kb2 Rh1 31. Rec2 Bb7 32. Rc7 Rxh2 33. Rd7 Rgxg2 34. Rxd6+ Ka7 35. Rxg2 Rxg2+ 36. Kc3 Rg7 37. Bxb5 h3 38. Rd8 Rh7 39. Bf1 Bxe4 40. Rd7+ Kb8 41. Bxh3 Rxh3+ 42. Kb2 Rh7 43. Rd6 Bxf5 44. Rxf6 Be6 0-1

[Event "8. Arber-Schachopen 2019"]
[Site "Bodenmais"]
[Date "2019.08.01"]
[Round "6.9"]
[White "Vennemann, Juergen"]
[Black "Woelk, Tom-Frederic"]
[Result "0-1"]
[ECO "A67"]
[WhiteElo "1925"]
[BlackElo "2229"]
[Annotator "NA"]
[PlyCount "83"]
[EventDate "2019.07.27"]
[EventCountry "GER"]
[SourceTitle "playchess.com"]
[Source "ChessBase"]
[SourceQuality "1"]
[TimeControl "40/5400+30:1800+30"]

1. d4 Nf6 2. c4 c5 3. d5 e6 4. Nc3 exd5 5. cxd5 d6 6. e4 g6 7. f4 Bg7 8. Bb5+ Nfd7 9. a4 O-O 10. Nf3 Na6 11. O-O Nb4 12. Re1 a6 13. Bf1 Re8 14. Bd2 Nf6 15. h3 Rb8 16. Kh1 Nh5 17. Kh2 Bh6 18. g3 Qd7 19. Be3 b6 20. Qd2 Nf6 21. Bf2 Bb7 22. Re3 Re7 23. Rae1 Rbe8 24. Bc4 Bc8 25. Bf1 Nh5 26. R3e2 c4 27. Nd4 Nd3 28. Nc6 Nhxf4 29. Nxe7+ Rxe7 30. Be3 Nxe2 31. Rxe2 Bxe3 32. Rxe3 Ne5 33. Qd4 Qc7 34. Ne2 Qc5 35. Qxc5 bxc5 36. b3 Rb7 37. bxc4 Nxc4 38. Rc3 Ne5 39. Nf4 Rb2+ 40. Bg2 Bd7 41. a5 Bb5 42. g4 0-1

[Event "8. Arber-Schachopen 2019"]
[Site "Bodenmais"]
[Date "2019.08.01"]
[Round "6.10"]
[White "Schmid, Wolfgang"]
[Black "Rotstein, Arkadij"]
[Result "0-1"]
[ECO "B43"]
[WhiteElo "2162"]
[BlackElo "2471"]
[Annotator "ChessBase"]
[PlyCount "62"]
[EventDate "2019.07.27"]
[EventCountry "GER"]
[SourceTitle "playchess.com"]
[Source "ChessBase"]
[SourceQuality "1"]
[TimeControl "40/5400+30:1800+30"]

1. e4 c5 2. Nf3 e6 3. d4 cxd4 4. Nxd4 a6 5. Nc3 Qc7 6. Be2 Nf6 7. a3 b5 8. O-O Bb7 9. Bf3 d6 10. Qe2 Nbd7 11. g3 Be7 12. Bg2 O-O 13. Kh1 Rac8 14. Nd1 Qc4 15. Qxc4 Rxc4 16. c3 Bxe4 17. Bg5 Bxg2+ 18. Kxg2 h6 19. Bxf6 Bxf6 20. Ne3 Rc7 21. Rfd1 d5 22. a4 Rb8 23. axb5 axb5 24. Ndc2 Nb6 25. Nb4 Rcc8 26. Ra7 Na4 27. Nd3 d4 28. Ng4 dxc3 29. Nxf6+ gxf6 30. bxc3 Nxc3 31. Re1 b4 0-1

[Event "8. Arber-Schachopen 2019"]
[Site "Bodenmais"]
[Date "2019.08.01"]
[Round "6.11"]
[White "Medunova, Vera"]
[Black "Pohl-Kuemmel, Jens-Uwe"]
[Result "1/2-1/2"]
[ECO "B66"]
[WhiteElo "2093"]
[BlackElo "2288"]
[Annotator "NA"]
[PlyCount "75"]
[EventDate "2019.07.27"]
[EventCountry "GER"]
[SourceTitle "playchess.com"]
[Source "ChessBase"]
[SourceQuality "1"]
[TimeControl "40/5400+30:1800+30"]

1. e4 c5 2. Nf3 d6 3. d4 cxd4 4. Nxd4 Nf6 5. Nc3 Nc6 6. Bg5 e6 7. Qd2 a6 8. O-O-O h6 9. Bh4 Bd7 10. f4 Be7 11. Be2 Qc7 12. Bf2 Rc8 13. Kb1 Nxd4 14. Bxd4 e5 15. Be3 Bc6 16. Nd5 Bxd5 17. exd5 Nxd5 18. Qxd5 Qxc2+ 19. Ka1 Qxe2 20. Qxb7 O-O 21. Qxe7 Qxe3 22. Qxd6 Qxf4 23. g3 Qg5 24. Qxa6 Rc2 25. Qd3 Rfc8 26. a3 Qf6 27. Rd2 R2c4 28. Rf1 Qe6 29. Qd5 Qe7 30. Qd7 Rc1+ 31. Rxc1 Rxc1+ 32. Ka2 Qc5 33. Qd8+ Kh7 34. Qd3+ g6 35. Qd5 Qxd5+ 36. Rxd5 Rc2 37. Rxe5 Rxh2 38. a4 1/2-1/2

[Event "8. Arber-Schachopen 2019"]
[Site "Bodenmais"]
[Date "2019.08.01"]
[Round "6.12"]
[White "Senner, Peter"]
[Black "Bielmeier, Ludwig"]
[Result "1/2-1/2"]
[ECO "A05"]
[WhiteElo "2231"]
[BlackElo "2083"]
[Annotator "NA"]
[PlyCount "52"]
[EventDate "2019.07.27"]
[EventCountry "GER"]
[SourceTitle "playchess.com"]
[Source "ChessBase"]
[SourceQuality "1"]
[TimeControl "40/5400+30:1800+30"]

1. Nf3 Nf6 2. d3 d6 3. g3 c6 4. Bg2 e5 5. e4 g6 6. O-O Bg7 7. h3 O-O 8. Be3 Re8 9. c3 Na6 10. Qb3 Qe7 11. Nbd2 d5 12. Rfe1 dxe4 13. dxe4 Nd7 14. Rad1 Nac5 15. Qc2 b5 16. b4 Nb7 17. a4 Nb6 18. axb5 cxb5 19. c4 bxc4 20. Nxc4 Qxb4 21. Nxb6 axb6 22. Rb1 Qa4 23. Qxa4 Rxa4 24. Rxb6 Na5 25. Nd2 Nc4 26. Nxc4 Rxc4 1/2-1/2

[Event "8. Arber-Schachopen 2019"]
[Site "Bodenmais"]
[Date "2019.08.01"]
[Round "6.13"]
[White "Fauth, Dietmar"]
[Black "Kleibel, Uwe"]
[Result "0-1"]
[ECO "B21"]
[WhiteElo "2122"]
[BlackElo "2217"]
[Annotator "NA"]
[PlyCount "96"]
[EventDate "2019.07.27"]
[EventCountry "GER"]
[SourceTitle "playchess.com"]
[Source "ChessBase"]
[SourceQuality "1"]
[TimeControl "40/5400+30:1800+30"]

1. e4 c5 2. d4 cxd4 3. c3 dxc3 4. Nxc3 Nc6 5. Nf3 e6 6. Bc4 Nge7 7. Bg5 h6 8. Be3 Ng6 9. O-O Be7 10. Nd4 O-O 11. a3 a6 12. b4 Nxd4 13. Bxd4 b5 14. Bb3 Bf6 15. f4 Bxd4+ 16. Qxd4 Qc7 17. g3 Bb7 18. Rac1 Bc6 19. Rf2 Qa7 20. Qd2 Ne7 21. f5 exf5 22. Nd5 Bxd5 23. exd5 d6 24. Kg2 Rac8 25. Re1 Rfe8 26. Bc2 Kf8 27. Bxf5 Nxf5 28. Rxf5 Rxe1 29. Qxe1 Rc2+ 30. Kh3 Qd7 31. g4 Qe7 32. Qg3 Re2 33. Rf3 Qe5 34. Rd3 Ke7 35. Qxe5+ dxe5 36. d6+ Kd7 37. Kg3 Rc2 38. h4 Rc6 39. Kf3 Rxd6 40. Rc3 Rd4 41. Rc5 f6 42. Rc3 Rf4+ 43. Kg3 g6 44. Rd3+ Ke7 45. g5 hxg5 46. hxg5 f5 47. Rd5 Ke6 48. Rc5 Rc4 0-1

[Event "8. Arber-Schachopen 2019"]
[Site "Bodenmais"]
[Date "2019.08.01"]
[Round "6.14"]
[White "Hoffmann, Sebastian"]
[Black "Eggeling, Philipp"]
[Result "1/2-1/2"]
[ECO "B13"]
[WhiteElo "2199"]
[BlackElo "1869"]
[Annotator "NA"]
[PlyCount "98"]
[EventDate "2019.07.27"]
[EventCountry "GER"]
[SourceTitle "playchess.com"]
[Source "ChessBase"]
[SourceQuality "1"]
[TimeControl "40/5400+30:1800+30"]

1. e4 c6 2. d4 d5 3. exd5 cxd5 4. Bf4 Bf5 5. c3 Nd7 6. Qb3 Qb6 7. Bb5 Ngf6 8. Nf3 a6 9. Be2 Qxb3 10. axb3 e6 11. Nbd2 Be7 12. h3 h6 13. O-O O-O 14. Rfc1 Rfc8 15. Ne1 Ne4 16. g4 Nxd2 17. Bxd2 Bg6 18. Nd3 Bd6 19. Kf1 Nf6 20. f3 Rd8 21. b4 Bxd3 22. Bxd3 Bc7 23. Ra2 Bb6 24. Rca1 Rac8 25. Ke2 Ne8 26. h4 Nd6 27. Rh1 Re8 28. Kf1 Nc4 29. Bf4 Bc7 30. Bxc7 Rxc7 31. Bxc4 Rxc4 32. f4 f6 33. Ra5 e5 34. fxe5 fxe5 35. Rh3 exd4 36. Rxd5 dxc3 37. bxc3 Rf4+ 38. Kg2 Rxg4+ 39. Kf3 Ree4 40. h5 Rgf4+ 41. Kg3 Rf7 42. Rc5 Re3+ 43. Kg4 Re4+ 44. Kg3 Re3+ 45. Kg4 Rxh3 46. Kxh3 Kh7 47. Kg4 Rf6 48. Rc7 Rc6 49. Rxb7 Rxc3 1/2-1/2

[Event "8. Arber-Schachopen 2019"]
[Site "Bodenmais"]
[Date "2019.08.01"]
[Round "6.15"]
[White "Neiss, Josef Martin"]
[Black "Gruettner, Ralf"]
[Result "1/2-1/2"]
[ECO "A04"]
[WhiteElo "2041"]
[BlackElo "2118"]
[Annotator "NA"]
[PlyCount "62"]
[EventDate "2019.07.27"]
[EventCountry "GER"]
[SourceTitle "playchess.com"]
[Source "ChessBase"]
[SourceQuality "1"]
[TimeControl "40/5400+30:1800+30"]

1. Nf3 g6 2. e4 Bg7 3. d4 c5 4. c3 cxd4 5. cxd4 d6 6. Bb5+ Bd7 7. Bxd7+ Qxd7 8. O-O Nf6 9. Nc3 O-O 10. Qe2 Nc6 11. h3 Rac8 12. Be3 d5 13. e5 Ne4 14. Rfc1 e6 15. Bd2 Nxc3 16. Rxc3 Rfe8 17. Rac1 a6 18. Kf1 Bf8 19. R3c2 Na7 20. Qd3 Rxc2 21. Rxc2 Rc8 22. Rxc8 Qxc8 23. b3 Qc6 24. Ke2 Qb6 25. Bc3 Nc6 26. Ne1 Be7 27. Nc2 Kg7 28. Bd2 Qc7 29. Kd1 Qb6 30. Ke2 Qc7 31. Kd1 Qb6 1/2-1/2

[Event "8. Arber-Schachopen 2019"]
[Site "Bodenmais"]
[Date "2019.08.01"]
[Round "6.16"]
[White "Sergeev, Vladimir"]
[Black "Reuter, Roland"]
[Result "1-0"]
[ECO "D37"]
[WhiteElo "2415"]
[BlackElo "1930"]
[Annotator "NA"]
[PlyCount "69"]
[EventDate "2019.07.27"]
[EventCountry "GER"]
[SourceTitle "playchess.com"]
[Source "ChessBase"]
[SourceQuality "1"]
[TimeControl "40/5400+30:1800+30"]

1. c4 Nf6 2. Nc3 e6 3. Nf3 d5 4. d4 Be7 5. Bf4 c6 6. e3 O-O 7. h3 Nbd7 8. Qc2 dxc4 9. Bxc4 b5 10. Bd3 Bb7 11. O-O a5 12. e4 g6 13. Bh6 Re8 14. e5 Nd5 15. Nxd5 cxd5 16. Bxb5 Ba6 17. Bxa6 Rxa6 18. Rfc1 Qb8 19. Qa4 Ra7 20. Rc2 Rc8 21. Rac1 Rxc2 22. Rxc2 f6 23. Qc6 Kf7 24. exf6 Bxf6 25. Re2 Qe8 26. h4 Qe7 27. Bg5 Nf8 28. Ne5+ Kg7 29. Bxf6+ Qxf6 30. g3 Qe7 31. Qc3 Qd6 32. Qe3 Ra6 33. Ng4 Nd7 34. h5 Qe7 35. Qh6+ 1-0

[Event "8. Arber-Schachopen 2019"]
[Site "Bodenmais"]
[Date "2019.08.01"]
[Round "6.17"]
[White "Zepke, Armin"]
[Black "Navarro Gevers, Daniel"]
[Result "1/2-1/2"]
[ECO "A45"]
[WhiteElo "2122"]
[BlackElo "1813"]
[Annotator "NA"]
[PlyCount "34"]
[EventDate "2019.07.27"]
[EventCountry "GER"]
[SourceTitle "playchess.com"]
[Source "ChessBase"]
[SourceQuality "1"]
[TimeControl "40/5400+30:1800+30"]

1. d4 Nf6 2. Bf4 b5 3. e3 a6 4. Nd2 Bb7 5. h3 e6 6. Ngf3 Be7 7. Be2 O-O 8. O-O c5 9. c3 Qb6 10. Bh2 d6 11. a4 Nbd7 12. Qb3 c4 13. Qc2 d5 14. b4 a5 15. bxa5 Rxa5 16. axb5 Rxb5 17. Rfb1 Ra8 1/2-1/2

[Event "8. Arber-Schachopen 2019"]
[Site "Bodenmais"]
[Date "2019.08.01"]
[Round "6.18"]
[White "Liebold, Aaron"]
[Black "Fuchs, Michael"]
[Result "1/2-1/2"]
[ECO "B59"]
[WhiteElo "1944"]
[BlackElo "2114"]
[Annotator "NA"]
[PlyCount "50"]
[EventDate "2019.07.27"]
[EventCountry "GER"]
[SourceTitle "playchess.com"]
[Source "ChessBase"]
[SourceQuality "1"]
[TimeControl "40/5400+30:1800+30"]

1. e4 c5 2. Nf3 Nc6 3. d4 cxd4 4. Nxd4 Nf6 5. Nc3 d6 6. Be2 e5 7. Nb3 Be7 8. Be3 Be6 9. Qd2 O-O 10. Rd1 a6 11. a4 Na5 12. Nxa5 Qxa5 13. O-O Kh8 14. f3 Rfd8 15. Nd5 Qxd2 16. Rxd2 Nxd5 17. exd5 Bd7 18. a5 h6 19. c4 Bg5 20. f4 exf4 21. Bxf4 Bxf4 22. Rxf4 f5 23. Bd3 g6 24. Rf1 Kg7 25. b4 Re8 1/2-1/2

[Event "8. Arber-Schachopen 2019"]
[Site "Bodenmais"]
[Date "2019.08.01"]
[Round "6.19"]
[White "Schmahl, Stephan"]
[Black "Meixner, Torsten"]
[Result "1-0"]
[ECO "E06"]
[WhiteElo "2101"]
[BlackElo "1881"]
[Annotator "NA"]
[PlyCount "63"]
[EventDate "2019.07.27"]
[EventCountry "GER"]
[SourceTitle "playchess.com"]
[Source "ChessBase"]
[SourceQuality "1"]
[TimeControl "40/5400+30:1800+30"]

1. d4 d5 2. c4 e6 3. Nf3 Nf6 4. g3 Be7 5. Bg2 O-O 6. O-O dxc4 7. Qc2 a6 8. Qxc4 b5 9. Qc2 Bb7 10. Bg5 Nbd7 11. Rd1 h6 12. Bxf6 Nxf6 13. Nc3 Bb4 14. Rac1 Rc8 15. a3 Ba5 16. b4 Bb6 17. e3 Qe7 18. Ne5 Bxg2 19. Kxg2 Nd7 20. Nc6 Qe8 21. Qe4 f5 22. Qf3 e5 23. Qd5+ Kh8 24. dxe5 Nb8 25. Ne2 Nxc6 26. Rxc6 Rd8 27. Qxd8 Qxc6+ 28. Qd5 Qc2 29. Nf4 Kh7 30. Rd2 Qc1 31. e6 Qb1 32. Rd3 1-0

[Event "8. Arber-Schachopen 2019"]
[Site "Bodenmais"]
[Date "2019.08.01"]
[Round "6.20"]
[White "Weisheit, Erik"]
[Black "Jergler, Karl-Heinz"]
[Result "1/2-1/2"]
[ECO "B36"]
[WhiteElo "1862"]
[BlackElo "2094"]
[Annotator "NA"]
[PlyCount "80"]
[EventDate "2019.07.27"]
[EventCountry "GER"]
[SourceTitle "playchess.com"]
[Source "ChessBase"]
[SourceQuality "1"]
[TimeControl "40/5400+30:1800+30"]

1. e4 c5 2. Nf3 Nc6 3. d4 cxd4 4. Nxd4 g6 5. c4 Nf6 6. Nc3 d6 7. f3 Nxd4 8. Qxd4 Bg7 9. Be3 O-O 10. Qd2 Be6 11. Bd3 a6 12. Rc1 Rc8 13. b3 b5 14. cxb5 axb5 15. Nxb5 Rxc1+ 16. Qxc1 Qa5+ 17. Qd2 Ra8 18. Qxa5 Rxa5 19. Nc3 Nd7 20. Na4 Nc5 21. Nxc5 dxc5 22. O-O Rxa2 23. Bxc5 Bxb3 24. Bxe7 Bd4+ 25. Kh1 Rd2 26. Bb5 Kg7 27. Bg5 Ra2 28. Bf4 f6 29. h4 h5 30. Rc1 Ra1 31. Rxa1 Bxa1 32. Be3 Bc3 33. Kg1 Bc2 34. Kf2 Bb1 35. Ke2 Bc2 36. Bc6 Bb3 37. Bd5 Ba4 38. Kd3 Be1 39. f4 Bxh4 40. e5 Bb5+ 1/2-1/2

[Event "8. Arber-Schachopen 2019"]
[Site "Bodenmais"]
[Date "2019.08.01"]
[Round "6.21"]
[White "Heiduk, Christoph"]
[Black "Titz, Heimo"]
[Result "1-0"]
[ECO "E20"]
[WhiteElo "1870"]
[BlackElo "2048"]
[Annotator "NA"]
[PlyCount "65"]
[EventDate "2019.07.27"]
[EventCountry "GER"]
[SourceTitle "playchess.com"]
[Source "ChessBase"]
[SourceQuality "1"]
[TimeControl "40/5400+30:1800+30"]

1. d4 Nf6 2. c4 e6 3. Nc3 Bb4 4. f3 c5 5. d5 exd5 6. cxd5 d6 7. e4 Nbd7 8. Nge2 O-O 9. Ng3 Re8 10. Be2 a6 11. a4 Rb8 12. O-O b5 13. axb5 Bxc3 14. bxc3 axb5 15. Qb3 c4 16. Qb4 Qb6+ 17. Kh1 Nxd5 18. exd5 Re5 19. Bf4 Rxd5 20. Rad1 Nf6 21. Bxd6 Rb7 22. Ne4 Nxe4 23. fxe4 Rxd1 24. Rxd1 Rd7 25. Qc5 Qa6 26. Qe5 h6 27. Qe8+ Kh7 28. e5 Ra7 29. Bf3 Bb7 30. Qxf7 Bxf3 31. Qf5+ Kg8 32. Qxf3 Rf7 33. Qd5 1-0

[Event "8. Arber-Schachopen 2019"]
[Site "Bodenmais"]
[Date "2019.08.01"]
[Round "6.22"]
[White "Danninger, Jannik"]
[Black "Palmi, Herbert"]
[Result "1-0"]
[ECO "B13"]
[WhiteElo "1842"]
[BlackElo "2056"]
[Annotator "NA"]
[PlyCount "125"]
[EventDate "2019.07.27"]
[EventCountry "GER"]
[SourceTitle "playchess.com"]
[Source "ChessBase"]
[SourceQuality "1"]
[TimeControl "40/5400+30:1800+30"]

1. e4 c6 2. d4 d5 3. exd5 cxd5 4. Bd3 Nf6 5. Bf4 Nc6 6. c3 e6 7. Nd2 Bd6 8. Bxd6 Qxd6 9. Ngf3 Bd7 10. O-O O-O 11. Re1 Qf4 12. h3 Rae8 13. Ne5 Bc8 14. Re3 Nxe5 15. dxe5 Nd7 16. Qh5 g6 17. Qe2 a6 18. Nf3 Nc5 19. Nh2 Nxd3 20. Rxd3 f5 21. exf6 Qxf6 22. Ng4 Qg7 23. Qe5 Qxe5 24. Nxe5 Rf4 25. Re1 Ref8 26. Re2 b5 27. Nc6 Kf7 28. Nd4 Ke7 29. Rde3 R4f6 30. g4 g5 31. Re5 Kd6 32. Rxg5 Rg6 33. Rge5 Rff6 34. a3 Kc5 35. Kh2 a5 36. Nb3+ Kb6 37. Kg3 Bd7 38. h4 h6 39. Nd4 Kc5 40. Nb3+ Kb6 41. f3 b4 42. axb4 axb4 43. Nd4 Kc5 44. h5 Rg8 45. Nxe6+ Kc4 46. cxb4 d4 47. Nc5 Bc6 48. f4 Kxb4 49. Rd2 Kc4 50. b3+ Kc3 51. Rd3+ Kb4 52. Rxd4+ Kc3 53. Rc4+ Kd2 54. b4 Ra8 55. Nb3+ Kd3 56. Na5 Ba4 57. Rd5+ Ke3 58. Rcd4 Raf8 59. Nc4+ Ke2 60. Re5+ Kf1 61. Ne3+ Kg1 62. Nf5 Kf1 63. Rde4 1-0

[Event "8. Arber-Schachopen 2019"]
[Site "Bodenmais"]
[Date "2019.08.01"]
[Round "6.23"]
[White "Kolb, Wolfgang"]
[Black "Kiwitz, Henri"]
[Result "1-0"]
[ECO "A15"]
[WhiteElo "2099"]
[BlackElo "1755"]
[Annotator "NA"]
[PlyCount "89"]
[EventDate "2019.07.27"]
[EventCountry "GER"]
[SourceTitle "playchess.com"]
[Source "ChessBase"]
[SourceQuality "1"]
[TimeControl "40/5400+30:1800+30"]

1. c4 Nf6 2. g3 e6 3. Nf3 d5 4. b3 Be7 5. Bg2 O-O 6. Bb2 b6 7. O-O c5 8. e3 Nc6 9. Nc3 Ba6 10. d3 Rc8 11. Qe2 Qd7 12. Rfd1 Rfd8 13. Rac1 Qb7 14. a4 Qb8 15. Nb5 h6 16. Bc3 Bb7 17. Qb2 a6 18. Na3 d4 19. exd4 Nxd4 20. Bxd4 cxd4 21. Re1 Qa8 22. Nh4 Bxg2 23. Nxg2 Qf3 24. Rcd1 Ng4 25. Nb1 Bb4 26. Qe2 Qf5 27. Nh4 Qa5 28. Nd2 Rc5 29. Qxg4 Bxd2 30. Re2 Rg5 31. Qe4 Bc3 32. Nf3 Rc5 33. Ne5 f5 34. Qh4 Rxe5 35. Qxd8+ Kh7 36. Rxe5 Qxe5 37. Qxb6 Qe2 38. Rf1 e5 39. Qe6 Qxd3 40. Qxe5 Qc2 41. c5 Bb4 42. Qxd4 Bxc5 43. Qc4 Qxc4 44. bxc4 Kg6 45. Rd1 1-0

[Event "8. Arber-Schachopen 2019"]
[Site "Bodenmais"]
[Date "2019.08.01"]
[Round "6.24"]
[White "Malditz, Dieter"]
[Black "Beulertz, Stefan"]
[Result "0-1"]
[ECO "E00"]
[WhiteElo "1869"]
[BlackElo "2033"]
[Annotator "NA"]
[PlyCount "80"]
[EventDate "2019.07.27"]
[EventCountry "GER"]
[SourceTitle "playchess.com"]
[Source "ChessBase"]
[SourceQuality "1"]
[TimeControl "40/5400+30:1800+30"]

1. d4 e6 2. c4 Bb4+ 3. Nd2 Nf6 4. a3 Be7 5. Ngf3 d5 6. e3 b6 7. Bd3 c5 8. O-O Bb7 9. b3 O-O 10. Bb2 Nbd7 11. Qe2 Ne4 12. Ne5 Nxe5 13. dxe5 Nxd2 14. Qxd2 dxc4 15. bxc4 Qc7 16. Qc2 g6 17. Be4 Bc6 18. Rad1 Rfd8 19. f4 Qb7 20. Bxc6 Qxc6 21. Bc3 a6 22. a4 Rab8 23. h4 Bxh4 24. Rd6 Qc7 25. a5 Be7 26. axb6 Qc8 27. Rfd1 f5 28. b7 Rxb7 29. Rxa6 Rbd7 30. Rxd7 Qxd7 31. Ba5 Rb8 32. Bb6 Rb7 33. Ra8+ Kg7 34. Ba5 Qc6 35. Bd8 Rd7 36. Bxe7 Qxa8 37. Bxc5 Qa1+ 38. Kh2 Rd1 39. Bd4 Rh1+ 40. Kg3 h5 0-1

[Event "8. Arber-Schachopen 2019"]
[Site "Bodenmais"]
[Date "2019.08.01"]
[Round "6.25"]
[White "Peglau, Mirjam"]
[Black "Glaser, Max"]
[Result "1/2-1/2"]
[ECO "C26"]
[WhiteElo "1759"]
[BlackElo "1949"]
[Annotator "NA"]
[PlyCount "27"]
[EventDate "2019.07.27"]
[EventCountry "GER"]
[SourceTitle "playchess.com"]
[Source "ChessBase"]
[SourceQuality "1"]
[TimeControl "40/5400+30:1800+30"]

1. e4 e5 2. Nc3 Nf6 3. Bc4 Bc5 4. d3 Nc6 5. Be3 Bxe3 6. fxe3 Na5 7. Bb3 O-O 8. Nf3 Nxb3 9. axb3 Qe7 10. Qd2 c6 11. O-O d5 12. exd5 cxd5 13. Rae1 Bd7 14. e4 1/2-1/2

[Event "8. Arber-Schachopen 2019"]
[Site "Bodenmais"]
[Date "2019.08.01"]
[Round "6.26"]
[White "Strangmueller, Andreas"]
[Black "Peglau, Charis"]
[Result "0-1"]
[ECO "D25"]
[WhiteElo "1968"]
[BlackElo "1540"]
[Annotator "NA"]
[PlyCount "104"]
[EventDate "2019.07.27"]
[EventCountry "GER"]
[SourceTitle "playchess.com"]
[Source "ChessBase"]
[SourceQuality "1"]
[TimeControl "40/5400+30:1800+30"]

1. d4 d5 2. c4 dxc4 3. Nf3 Nf6 4. e3 Bf5 5. Bxc4 e6 6. O-O Be7 7. Nc3 Nbd7 8. Re1 Nb6 9. Bb3 O-O 10. Ne5 c5 11. e4 Bg6 12. Nxg6 hxg6 13. Be3 cxd4 14. Bxd4 Rc8 15. Rc1 Bb4 16. a3 Be7 17. Be3 Qxd1 18. Rexd1 Rfd8 19. Rxd8+ Rxd8 20. f3 Rc8 21. Kf2 Bc5 22. Bxc5 Rxc5 23. Rd1 Kf8 24. Rd8+ Ke7 25. Rb8 Rc7 26. Nb5 Rd7 27. Nxa7 Rd2+ 28. Ke3 Rxb2 29. Rxb7+ Nfd7 30. Nc6+ Kd6 31. Na5 Rxg2 32. h4 Rh2 33. Nc4+ Nxc4+ 34. Bxc4 Rxh4 35. Bb5 Ne5 36. a4 Rh3 37. Be2 Kc6 38. Re7 Kb6 39. Kf4 Rh5 40. Kg3 g5 41. f4 gxf4+ 42. Kxf4 Ng6+ 43. Kg4 Rh4+ 44. Kg3 Rxe4 45. Rxf7 Rxe2 46. Rxg7 Ne5 47. Re7 Nd3 48. Kf3 Re5 49. Rd7 Nc5 50. Re7 Nxa4 51. Kf4 Re1 52. Kg5 Kc6 0-1